 Dungeon Crawl Stone Soup version 0.29-a0-1019-g84f7d21838 (webtiles) character file.

Game seed: 9912730512852513497

300 frimble the Digger (level 6, -7/61 HPs)
             Began as a Demonspawn Earth Elementalist on Aug 11, 2022.
             Killed by divine providence
             ... invoked by an orc priest
              (11 damage)
             ... on level 5 of the Dungeon.
             The game lasted 00:07:59 (5680 turns).

frimble the Digger (Demonspawn Earth Elementalist)  Turns: 5680, Time: 00:08:00

Health: -7/61      AC: 27    Str:  8    XL:     6   Next: 13%
Magic:  7/10       EV:  2    Int: 17    God:
Gold:   116        SH:  4    Dex: 15    Spells: 7/11 levels left

rFire   . . .      SeeInvis +   d - +2 short sword (drain)
rCold   . . .      Faith    .   (no shield)
rNeg    . . .      Spirit   .   (body armour currently unavailable)
rPois   +          Reflect  .   (helmet currently unavailable)
rElec   .          Harm     .   (cloak currently unavailable)
rCorr   .          Rampage  .   (gloves currently unavailable)
Will    .....      NoTele   +   (boots currently unavailable)
Stlth   ++........              (no amulet)
HPRegen 0.20/turn               j - ring of see invisible
MPRegen 0.12/turn               (no ring)

@: mighty, brilliant, tree-form, attractive, hasted, very quick
A: stationary, stasis, torment immunity, boosted hp, foul stench 1, icemail 1,
condensation shield
a: no special abilities


You were on level 5 of the Dungeon.
You were a tree.
You visited 1 branch of the dungeon, and saw 5 of its levels.

You collected 142 gold pieces.
You spent 26 gold pieces at shops.

Inventory:

Hand Weapons
 d - a +2 short sword of draining (weapon)
 f - a +0 dagger of venom
Armour
 a - a +0 robe (melded)
 h - a +0 pair of gloves (melded)
Jewellery
 j - a ring of see invisible (left branch)
Wands
 o - a wand of charming (12)
Scrolls
 e - a scroll of brand weapon
 s - a scroll of blinking
Potions
 b - a potion of magic
 c - a potion of might
 g - a potion of berserk rage
 i - a potion of flight
 k - a potion of cancellation
 m - 2 potions of lignification
 p - a potion of brilliance


   Skills:
 + Level 2.2 Short Blades
 - Level 1.8 Dodging
 - Level 1.8 Stealth
 - Level 3.0 Spellcasting
 + Level 2.1 Conjurations
 - Level 1.0 Transmutations
 + Level 4.7 Earth Magic


You had 7 spell levels left.
You knew the following spells:

 Your Spells              Type           Power      Damage    Failure   Level
b - Stone Arrow           Conj/Erth      42%        3d9       13%         3
c - Apportation           Tloc           6%         N/A       17%         1

Your spell library contained the following spells:

 Spells                   Type           Power      Damage    Failure   Level
 Sandblast                Erth           56%        2d13      2%          1
 Magic Dart               Conj           56%        1d5       8%          1
 Passwall                 Tmut/Erth      15%        N/A       9%          2
 Necrotise                Necr           12%        1d4       17%         1
 Summon Small Mammal      Summ           12%        N/A       17%         1
 Call Imp                 Summ           3%         N/A       26%         2
 Ensorcelled Hibernation  Hex/Ice        6%         N/A       26%         2
 Conjure Flame            Conj/Fire      9%         6-21      34%         3
 Mephitic Cloud           Conj/Pois/Air  7%         N/A       36%         3
 Ignite Poison            Fire/Tmut/Pois 5%         N/A       43%         3
 Swiftness                Air            3%         N/A       45%         3
 Petrify                  Tmut/Erth      18%        N/A       47%         4
 Sticky Flame             Conj/Fire      9%         2d3       75%         4
 Freezing Cloud           Conj/Ice/Air   3%         6-21      98%         5


Dungeon Overview and Level Annotations

Branches:
Dungeon (5/15)
 Temple: D:4-7

Altars:
Kikubaaqudgha
Makhleb
Nemelex Xobeh
Qazlal

Shops:
D:2 =   D:5 (*


Innate Abilities, Weirdness & Mutations

You are a tree.
Your roots penetrate the ground, keeping you stationary.
You cannot be teleported.
You are immune to unholy pain and torment.
Your maximum health is greatly increased.
Your equipment is partially melded.
You may rarely emit foul miasma when damaged in melee.
A meltable icy envelope protects you from harm. (AC +4)
A meltable shield of frost defends you. (SH +4)


Message History

* * * LOW HITPOINT WARNING * * *
The orc priest is attracted toward you.
It was a potion of brilliance.
You feel clever all of a sudden. The hound bites you but does no damage.
The orc priest hits you but does no damage.
An orc priest comes into view. It is wielding a +0 whip.
The orc priest is attracted toward you.
It was a potion of might.
You feel very mighty all of a sudden. The hound bites you but does no damage.
As you read the scroll labelled EQU FAUNUHAUNEIN, it crumbles to dust.
It is a scroll of amnesia.
Forget Sandblast, freeing 1 spell level for a total of 6?
Your memory of Sandblast unravels.
The hound pauses to sniff the ground.
The hound bites you but does no damage. The orc priest completely misses you.
Your magical contamination has completely faded away.
You puncture the orc priest!
The orc priest is severely wounded.
The hound bites you.
* * * LOW HITPOINT WARNING * * *
You block the orc priest's attack.
You hit the orc priest. You punch the orc priest.
You kill the orc priest!
The hound bites you but does no damage. x2
The orc priest is attracted toward you. x2
Your Short Blades skill increases to level 2!
Your Conjurations skill increases to level 2!
You have reached level 6!
Your demonic ancestry asserts itself...
You begin to emit a foul stench of rot and decay.
You puncture the orc priest! You drain the orc priest.
You kill the orc priest!
You hit the hound. You drain the hound.
The hound is severely wounded.
The hound bites you but does no damage.
The orc priest calls down the wrath of Beogh upon you.
Beogh smites you!
You die...

.#.#.O...[.... #....o..##
....Y######.#. #.........
...............##......o..
###......... #....§......#
#..∩...##### #.##........#
..####?# #...§....$... ..#
... ##oo######### #.# ##.#
##o# #.# ... #♣# #.. # #h#
.... #r# ###.# .S. .. ...
..... ..... .......


You could see a hound (very drained), 2 orc priests, an adder, an orc and a
quokka.

Vanquished Creatures
  2 orc priests (D:5)
  An iguana (D:4)
  11 gnolls
  5 adders
  3 worms (D:2)
  A dart slug (D:1)
  An orc (D:3)
  6 endoplasms
  A giant cockroach (D:3)
  3 goblins
  6 hobgoblins
  2 jackals (D:4)
  2 quokkas
  6 ball pythons
  2 bats (D:1)
  A frilled lizard (D:3)
  6 kobolds
  3 rats
62 creatures vanquished.

Notes
Turn   | Place    | Note
-------+----------+-------------------------------------------
     0 | D:1      | frimble the Demonspawn Earth Elementalist began the quest
                  | for the Orb.
     0 | D:1      | Reached XP level 1. HP: 13/13 MP: 3/3
    77 | D:1      | Found a faded altar of an unknown god.
    89 | D:1      | Reached skill level 1 in Transmutations
   313 | D:1      | Reached skill level 3 in Earth Magic
   364 | D:1      | Gained mutation: A meltable shield of frost defends you.
                  | (SH +4) [demonic ancestry]
   364 | D:1      | Reached XP level 2. HP: 17/19 MP: 0/5
  1408 | D:2      | Reached XP level 3. HP: 24/24 MP: 3/6
  2096 | D:2      | Found Okuletra's Jewellery Shoppe.
  2269 | D:2      | Reached skill level 4 in Earth Magic
  2269 | D:2      | Reached XP level 4. HP: 30/30 MP: 4/8
  2977 | D:3      | HP: 1/30 [frozen (5)]
  3415 | D:3      | Learned a level 3 spell: Stone Arrow
  3857 | D:3      | Reached skill level 1 in Short Blades
  3860 | D:3      | Gained mutation: A meltable icy envelope protects you from
                  | harm. (AC +4) [demonic ancestry]
  3860 | D:3      | Reached XP level 5. HP: 27/35 MP: 2/9
  3870 | D:3      | Reached skill level 1 in Conjurations
  4485 | D:3      | Found an ancient bone altar of Kikubaaqudgha.
  4622 | D:4      | Found a sparkling altar of Nemelex Xobeh.
  4710 | D:4      | Found a burning altar of Makhleb.
  4741 | D:4      | Learned a level 1 spell: Apportation
  5092 | D:4      | Found a stormy altar of Qazlal.
  5427 | D:5      | Entered Level 5 of the Dungeon
  5599 | D:5      | Found Bulitrum's Antique Weapon Shop.
  5611 | D:5      | Noticed an ogre
  5611 | D:5      | Noticed an ice beast
  5661 | D:5      | Found Uvvowes's Assorted Antiques.
  5666 | D:5      | Bought a scroll labelled EQU FAUNUHAUNEIN for 26 gold
                  | pieces
  5679 | D:5      | Gained mutation: You may rarely emit foul miasma when
                  | damaged in melee. [demonic ancestry]
  5679 | D:5      | Reached XP level 6. HP: 3/41 MP: 7/10
  5680 | D:5      | Killed from afar by an orc priest

Illustrated notes

Levels and vault maps discovered:
D:1:      matt_arrival_refuge, layout_loops_ring, basic_ecumenical_altar
D:2:      kennysheep_big_flooded_room, layout_basic, serial_shops,
          nicolae_shop_statue_plus, minivault_11
D:3:      layout_loops_ring, mainiacjoe_overflow_surrounded_room
D:4:      layout_basic, nicolae_overflow_crystal_walls,
          mainiacjoe_overflow_divided_tiny
D:5:      layout_rooms, serial_shops, nicolae_shop_behind_doors,
          nicolae_shop_waterfront, shop, shop, nicolae_square_shop

Skill      XL: |  1  2  3  4  5 |
---------------+----------------+-----
Transmutations | 1 |  1.0
Earth Magic    | 3 4 |  4.7
Spellcasting   | 3 |  3.0
Short Blades   | 1 2 |  2.2
Conjurations   | 2 |  2.1
Dodging        | |  1.8
Stealth        | |  1.8

Action                   |  1- 3 |  4- 6 || total
-------------------------+-------+-------++-------
Melee: Unarmed           |     3 |       ||     3
       Dagger            |    21 |       ||    21
       Short sword       |     3 |    85 ||    88
       Punch             |       |     2 ||     2
 Cast: Sandblast         |    50 |    13 ||    63
       Stone Arrow       |       |     7 ||     7
  Use: Scroll            |       |    14 ||    14
       Potion            |       |     5 ||     5
 Stab: Sleeping          |       |     3 ||     3
       Distracted        |       |     1 ||     1
Armor: Robe              |     5 |    13 ||    18
       Skin              |       |     7 ||     7
Dodge: Dodged            |    35 |    56 ||    91
Block: Other             |     9 |    18 ||    27

Table legend: (Time is in decaauts)
 A = Elapsed time spent in this place.
 B = Non-inter-level travel time spent in this place.
 C = Inter-level travel time spent in this place.
 D = Time resting spent in this place.
 E = Time spent auto-exploring this place.
 F = Levels seen in this place.
 G = Mean time per level.
                   A        B        C        D        E       F      G
               +--------+--------+--------+--------+--------+-----+--------+
         Total |   5744 |   5286 |    458 |      0 |   4684 |   5 | 1148.8 |
       Dungeon |   5744 |   5286 |    458 |      0 |   4684 |   5 | 1148.8 |
               +--------+--------+--------+--------+--------+-----+--------+

Top non-repeatable levels by time:
     D:2: 2006 daAuts
     D:3: 1464 daAuts
     D:1: 1226 daAuts
     D:4: 1004 daAuts
     D:5: 43 daAuts
